 Dungeon Crawl Stone Soup version 0.31-a0-986-g5e6e4ef867 (webtiles) character file.

Game seed: 5171128581321387379

50 strifetoe the Chopper (level 3, 0/31 HPs)
             Began as a Minotaur Monk on Nov 18, 2023.
             Slain by a gnoll
             ... wielding a +0 flail
              (3 damage)
             ... on level 2 of the Dungeon.
             The game lasted 00:00:58 (1005 turns).

strifetoe the Chopper (Minotaur Monk)               Turns: 1005, Time: 00:00:59

Health: 0/31       AC:  2    Str: 17    XL:     3   Next: 55%
Magic:  2/2        EV: 12    Int:  7    God:
Gold:   100        SH:  0    Dex: 12    Spells: 2/2 levels left

rFire   . . .        a - +0 hand axe
rCold   . . .        d - orb {light}
rNeg    . . .        b - +0 robe
rPois   .            (helmet restricted)
rElec   .            (no cloak)
rCorr   .            (no gloves)
SInv    .            (no boots)
Will    .....        (no amulet)
Stlth   +            (no ring)
HPRegen 0.25/turn    (no ring)
MPRegen 0.08/turn

%: no passive effects
@: hasted, glowing, very quick
A: horns 2, retaliatory headbutt
a: no special abilities


You were on level 2 of the Dungeon.
You visited 1 branch of the dungeon, and saw 2 of its levels.

You collected 100 gold pieces.

Inventory:

Hand Weapons
 a - a +0 hand axe (weapon)
Armour
 b - a +0 robe (worn)
 d - an orb of light (worn)
Jewellery
 p - a +6 ring of intelligence
Wands
 m - a wand of digging (6)
Scrolls
 f - a scroll of identify {unknown}
 g - a scroll of poison {unknown}
 i - a scroll of vulnerability {unknown}
 j - a scroll of teleportation {unknown}
 n - a scroll of blinking {unknown}
 o - a scroll of immolation {unknown}
Potions
 c - a potion of ambrosia
 e - 2 potions of haste
 h - a potion of magic {unknown}
 k - a potion of mutation {unknown}
 l - a potion of lignification {unknown}


   Skills:
 - Level 3.6 Fighting
 * Level 5.6 Axes
 - Level 3.2 Dodging


You had 2 spell levels left.
You didn't know any spells.
Your spell library contained the following spells:

 Spells                   Type           Power      Damage    Failure   Level
 Apportation              Tloc           0%         N/A       43%         1
 Necrotise                Necr           0%         1d4       43%         1
 Summon Small Mammal      Summ           0%         N/A       43%         1


Dungeon Overview and Level Annotations

Branches:
Dungeon (2/15)

Altars:


Innate Abilities, Weirdness & Mutations

You have a pair of horns on your head.
You reflexively headbutt those who attack you in melee.


Message History

You kill the rat!
No target in view!
No target in view!
No target in view!
No target in view!
p - a +6 ring of intelligence You see here a staff of fire.
You now have 100 gold pieces (gained 15).
You pick up a book of Cantrips and begin reading...
You add the spells Necrotise, Summon Small Mammal and Apportation to your library.
Found 4 stones.
Found a stone staircase leading up.
No target in view!
A gnoll comes into view. It is wielding a +0 spear.
Found a scroll labelled UPNELL MOESH.
The gnoll shouts!
You hear a shout!
A gnoll comes into view. It is wielding a +0 flail.
There are monsters nearby!
There are monsters nearby!
There are monsters nearby!
Found 4 gold pieces.
The gnoll shouts!
A gnoll comes into view. It is wielding a +0 halberd.
The gnoll closely misses you.
A goblin comes into view. It is wielding a +0 club.
You hit the gnoll. Your headbutt misses the gnoll.
The gnoll is lightly wounded.
You hit the gnoll. The gnoll hits you with a +0 spear.
You slash the gnoll!
The gnoll is almost dead.
You hit the gnoll. The gnoll hits you with a +0 spear.
The gnoll hits you from afar with a +0 halberd!
The gnoll hits you with a +0 flail!
* * * LOW HITPOINT WARNING * * *
A worm comes into view.
Okay, then.
Okay, then.
It was a potion of haste.
You feel yourself speed up. The gnoll barely misses you.
The gnoll closely misses you. The gnoll hits you with a +0 flail.
You die...

∩..♣.... ..$.....
........ ∩..∩..8w
#.# ###........ #.#
#......g... #.#
#..♣g.∩?.8. #(#
#..@.g.....
#.#####..g.......
#<##........∩....
#.##.##.###.###..
###.##.##.###.# #
#...##.##.....#
####.#.......## #
###.......#......#
..........#.##....#


You could see a worm, 3 gnolls and a goblin.

Vanquished Creatures
  3 bats (D:1)
  2 endoplasms
  A giant cockroach (D:2)
  4 goblins
  7 hobgoblins
  6 jackals (D:1)
  4 kobolds
  2 quokkas (D:1)
  4 ball pythons (D:1)
  2 frilled lizards
  8 rats
43 creatures vanquished.

Notes
Turn   | Place    | Note
-------+----------+-------------------------------------------
     0 | D:1      | strifetoe the Minotaur Monk began the quest for the Orb.
     0 | D:1      | Reached XP level 1. HP: 19/19 MP: 0/0
    73 | D:1      | Reached skill level 4 in Axes
   172 | D:1      | Reached XP level 2. HP: 26/26 MP: 1/1
   415 | D:1      | Reached skill level 5 in Axes
   419 | D:1      | Reached XP level 3. HP: 22/31 MP: 2/2
  1005 | D:2      | Slain by a gnoll

Illustrated notes

Levels and vault maps discovered:
D:1:      doesnt_arrival_eight_statues, layout_basic
D:2:      layout_loops_cross, hellmonk_ecumenical_altar_arch_garden,
          grunt_ministairs_2

Skill      XL: |  1  2 |
---------------+-------+-----
Axes           | 4 5 |  5.6
Fighting       | |  3.6
Dodging        | |  3.2

Action                     || total
---------------------------++-------
  Melee: Hand axe          ||    68
         Headbutt          ||     8
    Use: Potion            ||     1
 Armour: Robe              ||    47
  Dodge: Dodged            ||    50

Table legend: (Time is in decaauts)
 A = Elapsed time spent in this place.
 B = Non-inter-level travel time spent in this place.
 C = Inter-level travel time spent in this place.
 D = Time resting spent in this place.
 E = Time spent auto-exploring this place.
 F = Levels seen in this place.
 G = Mean time per level.
                   A        B        C        D        E       F      G
               +--------+--------+--------+--------+--------+-----+--------+
         Total |   1008 |    988 |     20 |     35 |    787 |   2 |  504.0 |
       Dungeon |   1008 |    988 |     20 |     35 |    787 |   2 |  504.0 |
               +--------+--------+--------+--------+--------+-----+--------+

Top non-repeatable levels by time:
     D:1: 728 daAuts
     D:2: 280 daAuts
